 Dungeon Crawl Stone Soup version 0.23-a0-183-gf37f6fb109 (webtiles) character file.

10094 Holzbalken the Covert (level 11, -19/72 HPs)
             Began as a Demonspawn Gladiator on Sept 21, 2018.
             Was a Follower of Dithmenos.
             Demolished by a two-headed ogre
             ... wielding a +0 giant club
              (24 damage)
             ... on level 11 of the Dungeon.
             The game lasted 00:39:09 (9814 turns).

Holzbalken the Covert (Demonspawn Gladiator)        Turns: 9814, Time: 00:39:11

Health: -19/72     AC: 12    Str: 20    XL:     11   Next: 31%
Magic:  11/11      EV: 14    Int:  9    God:    Dithmenos [*.....]
Gold:   683        SH:  4    Dex: 18    Spells: 10/10 levels left

rFire    + . .     SeeInvis .   a - +5 dagger (elec)
rCold    . . .     Gourm    .   (no shield)
rNeg     . . .     Faith    .   x - +3 leather armour {rF+}
rPois    .         Spirit   .   c - +1 helmet
rElec    .         Reflect  +   E - +0 cloak
rCorr    .         Harm     .   s - +0 pair of gloves
MR       .....                  (no boots)
Stlth    +++++++...             C - +4 amulet of reflection
HPRegen  0.22/turn              q - +5 ring of strength
MPRegen  0.12/turn              (no ring)

@: wreathed by umbra
A: talons 1, yellow scales 1, nightstalker 1, spiny 2
a: Renounce Religion


You were on level 11 of the Dungeon.
You worshipped Dithmenos.
Dithmenos was aware of your devotion.
You were hungry.

You visited 2 branches of the dungeon, and saw 12 of its levels.
You also visited: Ossuary.

You collected 683 gold pieces.

Inventory:

Hand Weapons
 a - a +5 dagger of electrocution (weapon)
 b - a +2 short sword of speed
Missiles
 d - 6 throwing nets (quivered)
Armour
 c - a +1 helmet (worn)
 k - a +0 plate armour
 s - a +0 pair of gloves (worn)
 x - a +3 leather armour of fire resistance (worn)
 E - a +0 cloak (worn)
 G - a +0 troll leather armour
Jewellery
 q - a +5 ring of strength (left hand)
 C - a +4 amulet of reflection (around neck)
Wands
 z - a wand of paralysis (7)
 A - a wand of scattershot (16)
 D - a wand of polymorph (9)
 I - a wand of iceblast (5)
 L - a wand of acid (11)
Scrolls
 e - a scroll of immolation {unknown}
 g - 4 scrolls of amnesia
 h - 10 scrolls of remove curse
 i - 3 scrolls of fear
 o - 3 scrolls of blinking
 t - 6 scrolls of teleportation
 u - 2 scrolls of identify
 y - a scroll of summoning
 J - 3 scrolls of acquirement {unknown}
Potions
 j - a potion of lignification
 l - 5 potions of berserk rage
 m - 2 potions of ambrosia
 n - 5 potions of curing
 p - a potion of might {unknown}
 r - 2 potions of heal wounds
 v - 2 potions of degeneration {unknown}
 w - 2 potions of magic
 B - 2 potions of agility
 F - a potion of flight {unknown}
 H - a potion of brilliance {unknown}
 M - a potion of mutation {unknown}
Miscellaneous
 K - a sack of spiders
Comestibles
 f - 18 rations
 N - 5 chunks of flesh


   Skills:
 - Level 2.0 Fighting
 * Level 11.0 Short Blades
   Level 3.4 Maces & Flails
 - Level 1.7 Throwing
 + Level 2.6 Armour
 + Level 4.0 Dodging
 + Level 11.8 Stealth


You had 10 spell levels left.
You didn't know any spells.
Your spell library contained the following spells:

 Spells                   Type           Power        Failure   Level  Hunger
 Flame Tongue             Conj/Fire      #....        43%         1    ##.....
 Summon Small Mammal      Summ           #...         43%         1    ##.....
 Call Imp                 Summ           #.......     56%         2    ###....
 Throw Flame              Conj/Fire      #.....       56%         2    ###....
 Call Canine Familiar     Summ           #.......     80%         3    ####...
 Conjure Flame            Conj/Fire      #.......     80%         3    ####...
 Inner Flame              Hex/Fire       #.......     80%         3    ####...
 Summon Guardian Golem    Hex/Summ       #.......     80%         3    ####...
 Sticky Flame             Conj/Fire      #.......     99%         4    #####..
 Summon Ice Beast         Ice/Summ       #.......     99%         4    #####..
 Summon Lightning Spire   Summ/Air       #.......     99%         4    #####..
 Fireball                 Conj/Fire      #.........   100%        5    ######.


Dungeon Overview and Level Annotations

Branches:
Dungeon (11/15)            Temple (1/1) D:7            Lair (0/6) D:11
    Orc (0/2) D:9

Altars:
Ashenzari
Cheibriados
Dithmenos
Elyvilon
Fedhas
Gozag
Hepliaklqana
Kikubaaqudgha
Makhleb
Nemelex Xobeh
Okawaru
Qazlal
Ru
Sif Muna
Trog
Uskayaw
Vehumet
Wu Jian
Xom
Yredelemnul
Zin
The Shining One

Shops:
D:2 **

Annotations:
D:5 2 transporters, Zaque's ghost, amateur DDMo
D:9 3 runed doors, PikkenKukken's ghost, novice DrNe; tmwh's ghost, journeyman GrEE


Innate Abilities, Weirdness & Mutations

You have sharp toenails.
You are partially covered in yellow scales. (AC +2)
You are slightly more attuned to the shadows.
You are mostly covered in sharp spines.


Message History

The two-headed ogre is lightly wounded.
You hit the two-headed ogre.
You claw the two-headed ogre, but do no damage.
The two-headed ogre is lightly wounded.
The two-headed ogre is struck by your spines.
The two-headed ogre hits you with a giant club!! x2
You hit the two-headed ogre.
Lightning courses through the two-headed ogre!
You claw the two-headed ogre!
The two-headed ogre is severely wounded.
You hit the two-headed ogre but do no damage.
Your kick misses the two-headed ogre.
The two-headed ogre is severely wounded.
You puncture the two-headed ogre! You claw the two-headed ogre.
The two-headed ogre is almost dead.
The two-headed ogre is struck by your spines.
The two-headed ogre hits you with a giant club!!
* * * LOW HITPOINT WARNING * * *
The two-headed ogre hits you with a giant club!!
You die...

###..# ######.## #....#
#... #.##.# #### ##.##.#
..?..# ##.###. ### #.# #..
.P..# #.# #.# ..P... #@#
#.# ....|.###O# ####.#
.......P##t# ..#.#
Y.......##t# #.#.#
>....P.t##r############.#.#
PP..♣P.r..................#
....P....#.##..########.###
P.....Y#.#.....# #.#
.......#.####.## ..#


You could see a two-headed ogre, 2 crocodiles and a porcupine.

Vanquished Creatures
  Gastronok (D:8)
  Harold (D:10)
  Erica (D:8)
  Nergalle (D:10)
  Pikel (D:5)
  Maurice (D:8)
  Joseph (D:7)
  3 trolls
  Prince Ribbit (D:7)
  5 yaks (D:11)
  Edmund (D:5)
  A water moccasin (D:9)
  Duvessa (D:7)
  A porcupine (D:11)
  A black bear (D:6)
  5 orc warriors
  4 sky beasts
  3 ice beasts
  A necrophage (D:8)
  3 ogres
  2 centaurs (D:6)
  3 elf zombies (Ossuary)
  2 bullfrogs
  Dowan (D:7)
  3 scorpions
  4 howler monkeys
  A bullfrog zombie (D:10)
  7 crimson imps
  2 quasits (D:7)
  4 orc priests
  2 human zombies (Ossuary)
  3 hounds
  3 bullfrog skeletons
  2 orc wizards
  2 iguanas
  4 worker ants
  2 hound zombies
  4 mummies (Ossuary)
  A howler monkey zombie (D:9)
  7 adders
  A shadow imp (D:6)
  An ooze (D:6)
  A worm (D:3)
  3 leopard geckos
  27 orcs
  3 ball pythons
  6 bats
  6 giant cockroaches
  9 goblins
  6 hobgoblins
  7 jackals
  10 kobolds
  3 quokkas
  4 frilled lizards
  2 goblin zombies (Ossuary)
  A hobgoblin zombie (Ossuary)
  A jackal skeleton (D:5)
  A jackal zombie (Ossuary)
  A kobold zombie (Ossuary)
  A quokka skeleton (D:4)
  A quokka zombie (D:6)
  8 rats
  A rat zombie (Ossuary)
200 creatures vanquished.

Vanquished Creatures (others)
  A fungus (D:11)
  5 plants (D:11)
  6 withered plants (D:9)
12 creatures vanquished.

Grand Total: 212 creatures vanquished

Notes
Turn   | Place    | Note
-------+----------+-------------------------------------------
     0 | D:1      | Holzbalken the Demonspawn Gladiator began the quest for the
                  | Orb.
     0 | D:1      | Reached XP level 1. HP: 16/16 MP: 1/1
   183 | D:1      | Gained mutation: You are slightly more attuned to the
                  | shadows. [demonic ancestry]
   183 | D:1      | Reached XP level 2. HP: 19/22 MP: 2/2
   422 | D:1      | Reached skill level 1 in Short Blades
   458 | D:1      | Gained mutation: You are partially covered in yellow
                  | scales. (AC +2) [demonic ancestry]
   458 | D:1      | Reached XP level 3. HP: 22/27 MP: 3/3
   850 | D:2      | Reached skill level 1 in Stealth
  1020 | D:2      | Found Zin's Purification Station.
  1020 | D:2      | Found a glowing silver altar of Zin.
  1074 | D:2      | Found a hide-covered altar of Uskayaw.
  1219 | D:2      | Found Gozag's Platinum Reserve.
  1223 | D:2      | Found an opulent altar of Gozag.
  1419 | D:3      | Gained mutation: You are partially covered in sharp spines.
                  | [demonic ancestry]
  1419 | D:3      | Reached XP level 4. HP: 23/33 MP: 4/4
  1853 | D:3      | Found a shattered altar of Ashenzari.
  2426 | D:4      | Reached XP level 5. HP: 34/38 MP: 5/5
  2531 | D:4      | Noticed an ogre
  2708 | D:4      | Killed an ogre
  2708 | D:4      | Gained mutation: You have sharp toenails. [demonic
                  | ancestry]
  2708 | D:4      | Reached XP level 6. HP: 12/44 MP: 6/6
  3293 | D:5      | Entered Level 5 of the Dungeon
  3367 | D:5      | Noticed Zaque's ghost (amateur DDMo)
  3368 | D:5      | Found a transporter.
  3378 | D:5      | Found a transporter.
  3644 | D:5      | Found a shimmering altar of Xom.
  3669 | D:5      | Noticed Edmund
  3679 | D:5      | Killed Edmund
  3679 | D:5      | Reached skill level 5 in Short Blades
  3679 | D:5      | Reached XP level 7. HP: 50/50 MP: 7/7
  3695 | D:5      | Found a sand-covered staircase.
  3704 | Ossuary  | Entered an ossuary
  4198 | D:5      | Noticed Pikel
  4210 | D:5      | Killed Pikel
  4210 | D:5      | Reached skill level 5 in Stealth
  4210 | D:5      | Gained mutation: You are mostly covered in sharp spines.
                  | [demonic ancestry]
  4210 | D:5      | Reached XP level 8. HP: 47/56 MP: 8/8
  5298 | D:6      | Found a glowing golden altar of the Shining One.
  5299 | D:6      | Found a sparkling altar of Nemelex Xobeh.
  5355 | D:6      | Found a snail-covered altar of Cheibriados.
  5357 | D:6      | Found a stormy altar of Qazlal.
  5358 | D:6      | Found a deep blue altar of Sif Muna.
  5486 | D:6      | Found a glowing drain.
  5694 | D:7      | Noticed Duvessa
  5703 | D:7      | Killed Duvessa
  5703 | D:7      | Reached XP level 9. HP: 50/61 MP: 9/9
  5705 | D:7      | Noticed Dowan
  5708 | D:7      | Killed Dowan
  5894 | D:7      | Found a staircase to the Ecumenical Temple.
  5898 | D:7      | Noticed Prince Ribbit
  5904 | D:7      | Killed Prince Ribbit
  5919 | Temple   | Entered the Ecumenical Temple
  5944 | Temple   | Became a worshipper of Dithmenos the Shadowed
  6460 | D:7      | Noticed Joseph
  6473 | D:7      | Killed Joseph
  6847 | D:8      | Found a hazy altar of Hepliaklqana.
  6860 | D:8      | Found an ancient bone altar of Kikubaaqudgha.
  6973 | D:8      | Noticed Maurice
  6988 | D:8      | Killed Maurice
  6988 | D:8      | Reached skill level 10 in Short Blades
  7041 | D:8      | Noticed Erica
  7052 | D:8      | Killed Erica
  7052 | D:8      | Reached XP level 10. HP: 55/67 MP: 10/10
  7142 | D:8      | Noticed Gastronok
  7159 | D:8      | Killed Gastronok
  7159 | D:8      | Reached skill level 10 in Stealth
  7681 | D:9      | Found a staircase to the Orcish Mines.
  7683 | D:9      | Found Nuoc's Armour Shop.
  7702 | D:9      | Reached * piety under Dithmenos
  7955 | D:9      | Found a runed gate.
  7956 | D:9      | Found a runed gate.
  7957 | D:9      | Found a runed gate.
  7958 | D:9      | Noticed tmwh's ghost (journeyman GrEE)
  7958 | D:9      | Noticed PikkenKukken's ghost (novice DrNe)
  8433 | D:9      | Found a sacrificial altar of Ru.
  8664 | D:10     | Entered Level 10 of the Dungeon
  8808 | D:10     | Reached skill level 1 in Armour
  9181 | D:10     | Noticed Harold
  9188 | D:10     | Killed Harold
  9188 | D:10     | Reached XP level 11. HP: 72/72 MP: 11/11
  9189 | D:10     | Noticed Nergalle
  9195 | D:10     | Killed Nergalle
  9328 | D:10     | Found a white marble altar of Elyvilon.
  9741 | D:11     | Found a staircase to the Lair.
  9741 | D:11     | Noticed a two-headed ogre
  9814 | D:11     | Demolished by a two-headed ogre

Vault maps used:
D:1:      shiori_arrival_elements, dk_noncrumbling_4
D:2:      nicolae_gozag_zags_fifth_avenue, lemuel_crystal_altar, zin_purify,
          kennysheep_generic_room_12
D:3:      lemuel_coloured_pillars_altar
D:4:      first_ration
D:5:      nicolae_overflow_crystal_walls, gammafunk_ghost_arena,
          enter_ossuary_3, corner_web_ring, uniq_pikel, uniq_edmund
D:6:      nicolae_overflow_hidden_temple, portal_sewer_entry_a, hex_tiny
D:7:      minmay_temple_entry_grid, uniq_duvessa, uniq_joseph,
          uniq_prince_ribbit1
D:8:      kennysheep_little_box, basic_altar, grunt_pizzeria, uniq_erica,
          uniq_gastronok, uniq_maurice
D:9:      lemuel_round_altar, orc_david_3, gammafunk_ghost_cemetery
D:10:     basic_altar, st_stairs_5, uniq_harold, uniq_nergalle
D:11:     minmay_lair_entry_grove, minivault_29
Temple:   compressed_dpeg_circular_temple
Ossuary:  ossuary_minmay_tomb_2a

Skill      XL: |  1  2  3  4  5  6  7  8  9 10 11 |
---------------+----------------------------------+-----
Maces & Flails | 3 |  3.4
Short Blades   | 1 2 3 4 5 7 8 10 11 | 11.0
Stealth        | 1 2 3 5 6 8 11 | 11.8
Dodging        | 3 4 |  4.0
Armour         | 1 2 |  2.6
Fighting       | |  2.0
Throwing       | |  1.7

Action                   |  1- 3 |  4- 6 |  7- 9 | 10-12 || total
-------------------------+-------+-------+-------+-------++-------
Melee: Flail             |    22 |       |       |       ||    22
       Dagger            |    82 |    90 |   160 |   156 ||   488
       Kick              |       |     7 |    43 |    65 ||   115
  Use: Scroll            |       |    10 |    12 |       ||    22
 Stab: Sleeping          |     6 |     5 |    20 |    20 ||    51
       Distracted        |       |       |     1 |     1 ||     2
  Eat: Chunk             |     1 |     6 |     3 |     3 ||    13
       Ration            |       |     1 |     2 |     1 ||     4
Armor: Leather armour    |    30 |    13 |    38 |    14 ||    95
Dodge: Dodged            |    77 |    44 |    37 |    45 ||   203
Block: Other             |       |       |     3 |    19 ||    22

Table legend:
 A = Non-vault XP
 B = Vault XP
 C = Vault XP percentage of total XP
 D = Non-vault monster count
 E = Vault monster count
 F = Vault count percentage of total count
                 A         B        C        D         E       F
            +---------+---------+-------+---------+---------+-------
      Total |    4779 |    9642 |  66.9 |     156 |      44 |  22.0
            +---------+---------+-------+---------+---------+-------
        D:1 |      43 |       0 |   0.0 |      27 |       0 |   0.0
        D:2 |      45 |       4 |   8.2 |      13 |       2 |  13.3
        D:3 |      58 |       0 |   0.0 |      18 |       0 |   0.0
        D:4 |     355 |       0 |   0.0 |      12 |       0 |   0.0
        D:5 |     241 |     803 |  76.9 |       8 |       2 |  20.0
        D:6 |     741 |      17 |   2.2 |      18 |       4 |  18.2
        D:7 |     296 |     943 |  76.1 |       9 |       4 |  30.8
        D:8 |     680 |    3799 |  84.8 |      14 |       4 |  22.2
        D:9 |    1134 |     262 |  18.8 |      14 |       2 |  12.5
       D:10 |    1112 |    2194 |  66.4 |      22 |       4 |  15.4
       D:11 |      74 |    1149 |  93.9 |       1 |       6 |  85.7
    Ossuary |       0 |     471 | 100.0 |       0 |      16 | 100.0
            +---------+---------+-------+---------+---------+-------
